Map: 锈化山巅-天梯版

Players

夜蝶蝶蝶蝶蝶蝶蝶 (Firefly)

  • Race: Protoss Protoss

JieShi - Winner!

  • Race: Protoss Protoss
  • League: Master

Event: DreamHack SC2 Masters 2021 Summer

VOD

Have the link to the VOD?

Description

Time

  • Played on: May 29, 2021, 7:19 a.m.
  • Length: 6:23

All games in this series

Show
View Real Time Build Order
Export as new Build Order

夜蝶蝶蝶蝶蝶蝶蝶 Protoss 

Build Orders: Nexus First 

Get SALT Encoding   

  12  0:00  Probe  
  13  0:12  Probe  
  14  0:41  Nexus  
  14  0:44  Probe  
  15  0:52  Pylon  
  15  1:10  Probe (Chrono Boost)  
  16  1:14  Gateway  
  16  1:16  Assimilator  
  16  1:22  Probe (Chrono Boost)  
  17  1:27  Probe (Chrono Boost)  
  18  1:34  Gateway  
  18  1:36  Probe  
  19  1:48  Probe  
  20  1:58  Probe  
  21  2:02  Cybernetics Core  
  21  2:03  Pylon  
  21  2:06  Zealot (Chrono Boost)  
  21  2:07  Probe  
  24  2:11  Probe  
  25  2:21  Pylon  
  25  2:24  Zealot (Chrono Boost)  
  26  2:30  Zealot (Chrono Boost)  
  28  2:37  Pylon  
  28  2:43  Stalker (Chrono Boost)  
  27  2:48  Probe  
  27  2:50  Warp Gate  
  30  2:54  Stalker (Chrono Boost)  
  30  3:06  Stalker (Chrono Boost)  
  32  3:17  Stalker  
  34  3:27  Shield Battery  
  32  3:29  Shield Battery  
  32  3:43  Stalker  
  30  3:54  Stalker  
  30  3:55  Probe x2  
  34  3:58  Assimilator  
  34  4:09  Probe, Shield Battery  
  35  4:11  Shield Battery  
  35  4:13  Stalker  
  35  4:15  Probe  
  38  4:23  Probe  
  39  4:25  Pylon  
  39  4:35  Shield Battery  
  37  4:45  Stalker  
  37  4:51  Stalker  
  31  5:02  Gateway  
  31  5:04  Stalker  
  31  5:11  Pylon, Stalker  
  33  5:18  Shield Battery  
  33  5:22  Gateway  
  33  5:31  Gateway  
  33  5:34  Cybernetics Core  
  33  5:42  Probe x2  
Show
View Real Time Build Order
Export as new Build Order

JieShi Protoss - Winner!

Build Orders: Proxy Void Ray 

Get SALT Encoding   

  12  0:00  Probe  
  13  0:13  Probe  
  14  0:18  Pylon  
  14  0:25  Probe (Chrono Boost)  
  15  0:37  Probe (Chrono Boost)  
  15  0:38  Gateway  
  16  0:46  Probe (Chrono Boost)  
  16  0:47  Assimilator  
  17  0:51  Probe  
  18  1:03  Probe  
  19  1:14  Assimilator  
  19  1:15  Probe (Chrono Boost)  
  20  1:19  Assimilator  
  20  1:24  Cybernetics Core  
  21  1:26  Zealot  
  21  1:27  Probe (Chrono Boost)  
  23  1:37  Pylon  
  23  1:55  Probe  
  24  2:02  Pylon  
  24  2:05  Warp Gate, Adept  
  24  2:07  Probe  
  27  2:19  Probe  
  28  2:27  Stargate  
  28  2:30  Shield Battery  
  28  2:37  Stalker  
  30  2:43  Shield Battery  
  28  2:46  Shield Battery  
  28  2:52  Pylon  
  28  2:55  Shield Battery  
  28  3:02  Void Ray (Chrono Boost)  
  28  3:08  Shield Battery  
  30  3:20  Shield Battery  
  30  3:26  Probe  
  29  3:29  Void Ray (Chrono Boost)  
  33  3:43  Probe  
  30  3:54  Stalker  
  32  3:59  Void Ray (Chrono Boost)  
  32  4:01  Shield Battery  
  36  4:13  Shield Battery  
  36  4:15  Shield Battery  
  36  4:18  Shield Battery  
  36  4:27  Shield Battery  
  36  4:29  Shield Battery  
  36  4:36  Probe  
  37  4:38  Stalker  
  37  4:44  Void Ray (Chrono Boost)  
  38  5:10  Shield Battery  
  38  5:13  Stalker  
  40  5:19  Void Ray (Chrono Boost)  
  40  5:20  Gateway  
  44  5:37  Stalker  
  44  5:41  Pylon  
  46  6:06  Stalker  
Tags
 
Add a new tag
Caveats
  • Supply blocks, unpowered buildings, or Contaminate may cause inaccurate times.
  • Supply counts are checked every 10 seconds.